 Dungeon Crawl Stone Soup version 0.29-a0-1043-g569b05d6ff (webtiles) character file.

Game seed: 6875876532110937689

12564 wingedge the Jinx (level 11, 0/64 HPs)
             Began as a Deep Elf Conjurer on Aug 15, 2022.
             Was a Priest of Ashenzari.
             Slain by a death yak (21 damage)
             ... on level 1 of the Lair of Beasts.
             The game lasted 01:32:09 (13035 turns).

wingedge the Jinx (Deep Elf Conjurer)              Turns: 13035, Time: 01:32:10

Health: 0/64       AC: 13    Str:  4    XL:     11   Next: 64%
Magic:  28/28      EV: 29    Int: 28    God:    Ashenzari [***...]
Gold:   325        SH:  5    Dex: 13    Spells: 0/32 levels left

rFire   + . .      SeeInvis +   b - staff of earth
rCold   + . .      Faith    .   r - +0 buckler "Tethered Stickiness" {Fort, Elem} (curse)
rNeg    . . .      Spirit   .   M - +2 robe {rC+}
rPois   +          Reflect  .   n - +0 helmet "Cursed Flawed Execution" {Alch, Evo} (curse)
rElec   .          Harm     .   q - +2 cloak of Ashenzari's Inaction {rPois, Bglg, Range} (curse)
rCorr   .          Rampage  .   (no gloves)
Will    +....      Clarity  +   C - +0 pair of boots of the Ruined Moon {Alch, Bglg} (curse)
Stlth   +++.......              K - amulet of Ashenzari's Scepticism {Acrobat, Self, Fort} (curse)
HPRegen 0.20/turn               A - ring of protection from fire
MPRegen 0.21/turn               H - +4 ring of protection

@: acrobatic
A: no striking features
a: Renounce Religion, Curse Item, Shatter the Chains


You were on level 1 of the Lair of Beasts.
You worshipped Ashenzari.
Ashenzari was most pleased with you.
You visited 3 branches of the dungeon, and saw 13 of its levels.
You also visited: Bailey.

You collected 685 gold pieces.
You spent 360 gold pieces at shops.

Inventory:

Hand Weapons
 a - the +9 short sword of the Stopping Gods {flame, +Blink MP+9 Int-2 Dex-4}
   (You found it on level 5 of the Dungeon)

   It burns those it strikes, dealing additional fire damage.
   Int:       It affects your intelligence (-2).
   Dex:       It affects your dexterity (-4).
   MP:        It affects your magic capacity (+9).
   +Blink:    It lets you blink.
 c - a +1 scimitar of flaming
 i - a +2 dagger of pain
 m - a +0 dagger of holy wrath
 y - a +2 dagger of venom
Missiles
 w - 3 boomerangs of dispersal
Armour
 n - the cursed +0 helmet "Cursed Flawed Execution" (worn) {Alch, Evo}
   (You took it off Robin on level 2 of the Dungeon)

   It has a curse which improves the following skills: Alchemy: Poison Magic and
   Transmutations.
   Evocations: Evocations.
 o - a +0 pair of boots
 q - the cursed +2 cloak of Ashenzari's Inaction (worn) {rPois, Bglg, Range}
   (You took it off Crazy Yiuf on level 2 of the Dungeon)

   It has a curse which improves the following skills: Beguiling: Conjurations,
   Hexes and Translocations.
   Ranged Combat: Ranged Weapons and Throwing.
 r - the cursed +0 buckler "Tethered Stickiness" (worn) {Fort, Elem}
   (You found it on level 3 of the Dungeon)

   It has a curse which improves the following skills: Fortitude: Armour and
   Shields.
   Elements:  Fire Magic, Ice Magic, Air Magic and Earth Magic.
 C - the cursed +0 pair of boots of the Ruined Moon (worn) {Alch, Bglg}
   (You found it on level 5 of the Dungeon)

   It has a curse which improves the following skills: Alchemy: Poison Magic and
   Transmutations.
   Beguiling: Conjurations, Hexes and Translocations.
 M - a +2 robe of cold resistance (worn)
 U - a +2 ring mail of willpower
Magical Staves
 b - a staff of earth (weapon)
 R - a staff of cold
Jewellery
 A - a ring of protection from fire (left hand)
 H - a +4 ring of protection (right hand)
 K - the cursed amulet of Ashenzari's Scepticism (around neck) {Acrobat, Self, Fort}
   (You bought it in a shop on level 1 of the Dungeon)

   [amulet of the acrobat]

   It increases your evasion while moving and waiting.
   It has a curse which improves the following skills: Introspection: Fighting
   and Spellcasting.
   Fortitude: Armour and Shields.
 T - a ring of wizardry
Wands
 u - a wand of iceblast (18)
 B - a wand of flame (56)
 L - a wand of light (5)
 O - a wand of digging (3)
 V - a wand of polymorph (5)
Scrolls
 e - 4 scrolls of enchant armour
 f - a scroll of amnesia
 h - 3 scrolls of blinking
 k - 4 scrolls of fear
 l - a scroll of immolation
 p - 5 scrolls of brand weapon
 x - a scroll of poison
 z - 4 scrolls of enchant weapon
 D - 2 scrolls of teleportation
 G - 2 scrolls of vulnerability
 N - 2 scrolls of butterflies
Potions
 d - 5 potions of curing
 g - a potion of experience
 j - 2 potions of lignification
 s - 2 potions of magic
 t - 4 potions of heal wounds
 v - a potion of brilliance
 E - a potion of ambrosia
 F - a potion of berserk rage
 I - 2 potions of flight
 J - 2 potions of attraction
 P - a potion of invisibility
 Q - 2 potions of haste
 S - a potion of resistance


   Skills:
 - Level 4.0(5.5) Fighting
 - Level 5.0 Short Blades
 - Level 6.0 Dodging
 - Level 5.0 Stealth
 - Level 3.3(5.5) Shields
 - Level 9.7(11.3) Spellcasting
 - Level 7.1(9.6) Conjurations
 - Level 10.6(13.0) Hexes
 + Level 3.4 Summonings
 - Level 4.4(6.7) Translocations
 - Level 5.1(6.7) Fire Magic
 - Level 6.9(8.5) Earth Magic
 - Level 4.0(5.5) Evocations


You couldn't memorise any spells.
You knew the following spells:

 Your Spells              Type           Power      Damage    Failure   Level
a - Animate Armour        Summ/Erth      100%       N/A       3%          4
b - Searing Ray           Conj           100%       2d8       1%          2
c - Fulminant Prism       Conj/Hex       34%        3d16      1%          4
d - Iskenderun's Mystic   Conj/Tloc      58%        2d12      1%          4
e - Gell's Gravitas       Tloc           52%        N/A       1%          3
f - Inner Flame           Hex/Fire       63%        N/A       1%          3
g - Flame Wave            Conj/Fire      58%        2d14      1%          4
h - Stone Arrow           Conj/Erth      100%       3d13      1%          3
i - Lee's Rapid Deconstr  Erth           38%        3d20*     3%          5

Your spell library contained the following spells:

 Spells                   Type           Power      Damage    Failure   Level
 Foxfire                  Conj/Fire      100%       2x1d9     1%          1
 Magic Dart               Conj           100%       1d8       1%          1
 Shock                    Conj/Air       100%       1d9       1%          1
 Conjure Flame            Conj/Fire      58%        6-21      1%          3
 Dazzling Flash           Conj/Hex       100%       N/A       1%          3
 Teleport Other           Tloc           52%        N/A       1%          3
 Swiftness                Air            16%        N/A       12%         3
 Airstrike                Air            8%         2d(2-18)  38%         4
 Dispersal                Tloc           26%        N/A       38%         6
 Lehudib's Crystal Spear  Conj/Erth      39%        10d10     100%        8


Dungeon Overview and Level Annotations

Branches:
Dungeon (11/15)            Temple (1/1) D:7            Lair (1/5) D:9
 Bailey (visited)
    Orc: D:9-12

Altars:
Ashenzari
Cheibriados
Dithmenos
Elyvilon
Fedhas
Gozag
Hepliaklqana
Kikubaaqudgha
Makhleb
Nemelex Xobeh
Okawaru
Qazlal
Ru
Sif Muna
Trog
Uskayaw
Vehumet
Wu Jian
Xom
Yredelemnul
Zin
The Shining One

Shops:
D:1 =   D:2 [


Message History

The blast of rock fragments hits the death yak!!
The death yak is severely wounded.
The blast of rock fragments hits the death yak!!
The death yak is heavily wounded.
The blast of rock fragments hits the death yak!
The death yak is heavily wounded.
Casting: Lee's Rapid Deconstruction (dangerous; 3% risk of failure)
Confirm with . or Enter, or press ? or * to list all spells.
You don't have enough magic to cast this spell.
Okay, then.
Unknown command.
There is a staircase back to the Dungeon here.
The death yak gores you!
You climb upwards.
Welcome back to the Dungeon!
There is a staircase to the Lair here.
Casting: Lee's Rapid Deconstruction (dangerous; 3% risk of failure)
Confirm with . or Enter, or press ? or * to list all spells.
Aiming: Lee's Rapid Deconstruction (dangerous; 3% risk of failure)
Press: ? - help, Dir - move target A rock wall.
You feel a surge of power!
The wall shatters!
The blast of rock fragments hits the death yak!!
You kill the death yak!
Training target 13.0 for Hexes reached!
Your Summonings skill increases to level 3!
You start resting.
HP restored.
You start resting.
Magic restored.
Casting: Lee's Rapid Deconstruction (dangerous; 3% risk of failure)
Confirm with . or Enter, or press ? or * to list all spells.
Okay, then.
You climb downwards.
Welcome back to the Lair of Beasts!
The death yak gores you. The death yak gores you! x2
There is a staircase back to the Dungeon, spattered with blood here.
Okay, then.
The death yak attacks as you move away! The death yak gores you!
Found a scroll of enchant armour.
The death yak closely misses you. The death yak attacks as you move away!
The death yak gores you!!
You die...

,, , .........
, , $........
, ,
,.......... ,
* *
#........., ,
,, #........
#...#*.# ,
#.S.#..#.. ,,
, #YYY......,
#.@.#...., * *
, *
**#.........
,,.....#..#..*
, ,.......#..#
* , ,
..?......#,...
,, .........#
#.# ,
......[..# # ,
.######..#, ,*
*


You could see 3 death yaks and a water moccasin.

Vanquished Creatures
  An orc warlord (Bailey)
  Erica (D:9)
  3 two-headed ogres
  A death yak (D:9)
  The ghost of pigah the Zephyrmancer, a novice OpAE of Gozag (D:8)
  2 orc knights (Bailey)
  A moth of wrath (D:8)
  Prince Ribbit (D:5)
  2 trolls
  6 yaks (D:10)
  2 shadows (D:9)
  2 wyverns
  3 vampire mosquitoes (D:10)
  A steam dragon (D:8)
  A water moccasin (D:9)
  10 orc warriors
  A black bear (D:7)
  A sky beast (D:7)
  3 centaurs
  An ice beast (D:8)
  3 ogres
  4 phantoms
  A kobold brigand (D:7)
  2 bullfrogs (D:8)
  2 necrophages
  3 scorpions
  7 wights
  5 killer bees
  4 howler monkeys
  An electric eel (D:7)
  A gnoll bouda (D:7)
  Crazy Yiuf (D:2)
  3 hounds
  2 jellies (D:7)
  7 orc priests
  An iron imp (D:6)
  2 iguanas
  Natasha (thrice) (D:4)
  Terence (D:2)
  4 orc wizards
  Robin (D:2)
  15 adders
  14 gnolls
  A white imp (D:5)
  An ufetubus (D:6)
  A worm (D:4)
  4 dart slugs
  40 orcs
  4 ball pythons
  5 bats
  3 endoplasms
  A giant cockroach (D:4)
  34 goblins
  9 hobgoblins
  4 jackals (D:2)
  22 kobolds
  7 quokkas
  8 frilled lizards
  10 rats
  A bush (D:7)
  A fulminant prism (D:10)
287 creatures vanquished.

Vanquished Creatures (others)
  108 fulminant prisms
  18 plants
126 creatures vanquished.

Grand Total: 413 creatures vanquished

Notes
Turn   | Place    | Note
-------+----------+-------------------------------------------
     0 | D:1      | wingedge the Deep Elf Conjurer began the quest for the Orb.
     0 | D:1      | Reached XP level 1. HP: 10/10 MP: 6/6
    31 | D:1      | Found Tuqorin's Jewellery Emporium.
   268 | D:1      | Reached skill level 1 in Fighting
   572 | D:1      | Reached XP level 2. HP: 16/16 MP: 6/8
   640 | D:1      | Learned a level 2 spell: Searing Ray
   829 | D:1      | Reached skill level 5 in Conjurations
   879 | D:2      | Reached skill level 1 in Hexes
   879 | D:2      | Reached XP level 3. HP: 20/20 MP: 4/9
   958 | D:2      | Found Ygixol's Antique Armour Shoppe.
  1005 | D:2      | Noticed Terence
  1018 | D:2      | Reached skill level 2 in Hexes
  1053 | D:2      | Noticed Robin
  1060 | D:2      | Killed Robin
  1275 | D:2      | Reached XP level 4. HP: 25/25 MP: 8/10
  1574 | D:2      | Killed Terence
  1810 | D:2      | Found a runed translucent door.
  1811 | D:2      | Noticed Crazy Yiuf
  1816 | D:2      | Killed Crazy Yiuf
  1817 | D:2      | Reached skill level 3 in Hexes
  1817 | D:2      | Reached XP level 5. HP: 29/29 MP: 7/11
  1874 | D:2      | Learned a level 4 spell: Fulminant Prism
  1967 | D:3      | Found a faded altar of an unknown god.
  2987 | D:4      | Noticed Natasha
  2992 | D:4      | Killed Natasha
  3065 | D:4      | Found an ornate altar of the Wu Jian Council.
  3070 | D:4      | Noticed a spectral centipede
  3070 | D:4      | Noticed a spectral black mamba
  3070 | D:4      | Noticed a spectral cane toad
  3173 | D:4      | Reached skill level 4 in Hexes
  3173 | D:4      | Reached XP level 6. HP: 31/34 MP: 3/14
  3297 | D:4      | Noticed Natasha
  3302 | D:4      | Killed Natasha
  3356 | D:4      | Found a broken altar of Ashenzari.
  3360 | D:4      | Became a worshipper of Ashenzari the Shackled
  3488 | D:4      | Noticed Natasha
  3493 | D:4      | Killed Natasha
  3754 | D:4      | Found a stormy altar of Qazlal.
  3895 | D:5      | Entered Level 5 of the Dungeon
  3900 | D:5      | Reached skill level 5 in Hexes
  3946 | D:5      | Noticed Prince Ribbit
  4030 | D:5      | Killed Prince Ribbit
  4031 | D:5      | Reached skill level 6 in Hexes
  4031 | D:5      | Reached skill level 5 in Spellcasting
  4031 | D:5      | Reached XP level 7. HP: 20/40 MP: 6/16
  4323 | D:5      | Reached XP level 8. HP: 46/46 MP: 6/19
  4404 | D:5      | Learned a level 4 spell: Iskenderun's Mystic Blast
  4563 | D:5      | Reached skill level 7 in Hexes
  4563 | D:5      | Reached skill level 1 in Translocations
  4677 | D:5      | Identified the +9 short sword of the Stopping Gods {flame,
                  | +Blink MP+9 Int-2 Dex-4}
  5078 | D:6      | Reached skill level 8 in Hexes
  5385 | D:6      | Learned a level 3 spell: Gell's Gravitas
  5389 | D:6      | Learned a level 3 spell: Inner Flame
  5619 | D:6      | Reached * piety under Ashenzari
  5797 | D:6      | Found a snail-covered altar of Cheibriados.
  5801 | D:6      | Reached skill level 1 in Fire Magic
  5844 | D:6      | Found a hide-covered altar of Uskayaw.
  6058 | D:7      | Found a staircase to the Ecumenical Temple.
  6067 | Temple   | Entered the Ecumenical Temple
  6533 | D:7      | Reached ** piety under Ashenzari
  6558 | D:7      | Reached skill level 1 in Shields
  7018 | D:7      | Reached XP level 9. HP: 52/52 MP: 20/20
  7356 | D:7      | Reached skill level 5 in Stealth
  7648 | D:1      | Bought an amulet of the acrobat for 360 gold pieces
  7891 | D:8      | Learned a level 4 spell: Flame Wave
  7923 | D:8      | Found a transporter.
  7925 | D:8      | Found a bloodstained altar of Trog.
  7935 | D:8      | Noticed a moth of wrath
  7937 | D:8      | Noticed pigah's ghost (novice OpAE)
  7950 | D:8      | Found a transporter.
  7980 | D:8      | Killed pigah's ghost
  7980 | D:8      | Killed a moth of wrath
  7981 | D:8      | Reached skill level 5 in Fire Magic
  8283 | D:8      | Reached skill level 9 in Hexes
  8839 | D:8      | Reached XP level 10. HP: 59/59 MP: 24/24
  9000 | D:8      | Found a basalt altar of Yredelemnul.
  9036 | D:9      | Found a staircase to the Lair.
  9054 | D:9      | Noticed a two-headed ogre
  9067 | D:9      | Killed a two-headed ogre
  9068 | D:9      | Reached skill level 5 in Dodging
  9080 | D:9      | Noticed a two-headed ogre
  9086 | D:9      | Killed a two-headed ogre
  9356 | D:9      | Learned a level 3 spell: Stone Arrow
  9936 | D:9      | Learned a level 5 spell: Lee's Rapid Deconstruction
 10028 | D:9      | Noticed Erica
 10034 | D:9      | Killed Erica
 10035 | D:9      | Reached skill level 5 in Earth Magic
 10092 | D:9      | Identified the +3 leather armour of the Constellations {rF-
                  | rCorr MP-9 Dex+8}
 10151 | D:10     | Entered Level 10 of the Dungeon
 10190 | D:10     | Noticed a two-headed ogre
 10204 | D:10     | Killed a two-headed ogre
 10205 | D:10     | Reached XP level 11. HP: 31/63 MP: 27/27
 10507 | D:10     | Found a flagged portal.
 10520 | Bailey   | Entered a bailey
 10564 | Bailey   | Noticed an orc knight
 10577 | Bailey   | Killed an orc knight
 10649 | Bailey   | Noticed an orc knight
 10666 | Bailey   | Killed an orc knight
 11258 | Bailey   | Reached *** piety under Ashenzari
 11355 | Bailey   | Noticed an orc warlord
 11368 | Bailey   | Killed an orc warlord
 11369 | Bailey   | Reached skill level 5 in Short Blades
 11373 | Bailey   | Learned a level 3 spell: Conjure Flame
 11663 | Bailey   | Learned a level 4 spell: Animate Armour
 11940 | D:10     | Reached skill level 1 in Summonings
 11943 | D:10     | Reached skill level 10 in Hexes
 12888 | Lair:1   | Entered Level 1 of the Lair of Beasts
 12888 | Lair:1   | Noticed a death yak
 12889 | Lair:1   | Noticed a death yak
 12890 | Lair:1   | Noticed a death yak
 12890 | Lair:1   | Noticed a death yak
 12899 | D:9      | Killed a death yak
 13035 | Lair:1   | Slain by a death yak

Illustrated notes

Levels and vault maps discovered:
D:1:      minmay_arrival_four_houses, layout_basic, serial_shops,
          nicolae_lakefront_shop, serial_bayou_ford_a, lexackson_kobold_supper
D:2:      layout_rooms, serial_shops, shop, reono_crystal_passage, uniq_terence,
          uniq_crazy_yiuf_cottage, uniq_robin
D:3:      layout_basic, nicolae_ecumenical_oubliette, st_stairs_1
D:4:      layout_basic, ashenzari_conservatory_becter, grunt_qazlal_sundering,
          pdpol_wu_jian_five_deadly_venoms, sigmund_army, uniq_natasha
D:5:      layout_cave_pools, minmay_fountain_box, uniq_prince_ribbit1
D:6:      layout_cave_pools, slow_altar_2, mainiacjoe_overflow_alcove_2
D:7:      layout_loops_corners, temple_statues, chequers_arboretum,
          fountainhead, minmay_hedge_maze
D:8:      layout_basic, general_overflow_altar, serial_glass, glass_columns_c,
          glass_columns_a, feat_on_display, minmay_strange_pillars,
          feat_on_display, item_on_display_a, gammafunk_ghost_wrathful_warriors,
          dk_noncrumbling_2
D:9:      layout_rooms, lair_entry_dummy, uniq_erica
D:10:     nicolae_cairo_tiling_large_dashed, layout_layer_cave,
          lightli_bailey_entry_fortress
D:11:     layout_basic, erik_orc_1, hellmonk_ghost_happy_afterlife,
          serial_shops, shop, vehumet_crystals
Temple:   nicolae_temple_superstar
Lair:1:   statuecave_lemuel, layout_chaotic_city, grunt_megastairs_2

Skill      XL: |  1  2  3  4  5  6  7  8  9 10 11 |
---------------+----------------------------------+-----
Fighting       | 1 2 3 4 |  4.0
Conjurations   | 5 6 7 |  7.1
Hexes          | 1 2 3 4 6 8 9 10 | 10.6
Stealth        | 3 4 5 |  5.0
Dodging        | 3 4 5 6 |  6.0
Spellcasting   | 4 5 6 8 9 |  9.7
Translocations | 2 3 4 |  4.4
Fire Magic     | 3 5 |  5.1
Shields        | 2 3 |  3.3
Short Blades   | 3 4 5 |  5.0
Earth Magic    | 5 6 |  6.9
Evocations     | 4 |  4.0
Summonings     | 3 |  3.4

Action                   |  1- 3 |  4- 6 |  7- 9 | 10-12 || total
-------------------------+-------+-------+-------+-------++-------
Melee: Dagger            |       |     9 |       |       ||     9
       Short sword       |       |       |     7 |    36 ||    43
 Fire: Sling             |     3 |     1 |       |       ||     4
 Cast: Magic Dart        |    47 |    70 |    39 |    17 ||   173
       Searing Ray       |     4 |    23 |    35 |     8 ||    70
       Fulminant Prism   |       |     7 |    46 |    56 ||   109
       Inner Flame       |       |       |    10 |     6 ||    16
       Gell's Gravitas   |       |       |     3 |    11 ||    14
       Stone Arrow       |       |       |       |    14 ||    14
       Flame Wave        |       |       |       |     3 ||     3
       Iskenderun's Myst |       |       |       |     3 ||     3
       Lee's Rapid Decon |       |       |       |    20 ||    20
       Animate Armour    |       |       |       |     2 ||     2
Invok: Curse Item        |       |       |     4 |     1 ||     5
 Abil: Evoke Blink       |       |       |       |     1 ||     1
  Use: Potion            |       |       |       |     2 ||     2
       Scroll            |       |       |       |     5 ||     5
 Stab: Sleeping          |       |       |     1 |       ||     1
Armor: Robe              |       |    10 |     7 |    37 ||    54
Dodge: Dodged            |     2 |    19 |    14 |    61 ||    96
Block: Buckler           |       |       |     4 |    13 ||    17

Table legend: (Time is in decaauts)
 A = Elapsed time spent in this place.
 B = Non-inter-level travel time spent in this place.
 C = Inter-level travel time spent in this place.
 D = Time resting spent in this place.
 E = Time spent auto-exploring this place.
 F = Levels seen in this place.
 G = Mean time per level.
                   A        B        C        D        E       F      G
               +--------+--------+--------+--------+--------+-----+--------+
         Total |  13068 |  12012 |   1056 |   4701 |   3935 |  14 |  933.4 |
       Dungeon |  11664 |  10623 |   1041 |   4105 |   3461 |  11 | 1060.4 |
        Temple |    104 |     89 |     15 |      0 |     73 |   1 |  104.0 |
          Lair |     12 |     12 |      0 |      0 |      0 |   1 |   12.0 |
        Bailey |   1286 |   1286 |      0 |    596 |    401 |   1 | 1286.0 |
               +--------+--------+--------+--------+--------+-----+--------+

Top non-repeatable levels by time:
     D:8: 1526 daAuts
     D:7: 1475 daAuts
  Bailey: 1286 daAuts
     D:4: 1246 daAuts
    D:10: 1182 daAuts
     D:9: 1167 daAuts
     D:2: 1113 daAuts
     D:1: 1058 daAuts
     D:5: 1033 daAuts
     D:6: 945 daAuts
     D:3: 914 daAuts
  Temple: 104 daAuts
  Lair:1: 12 daAuts
    D:11: 1 daAuts
